 Dungeon Crawl Stone Soup version 0.17.0-26-gececa24 (webtiles) character file.

201 homeworkjunkie the Covert (level 5, -1/26 HPs)
             Began as a Spriggan Assassin on Nov 20, 2015.
             Slain by a phantom (4 damage)
             ... on level 4 of the Dungeon.
             The game lasted 00:06:12 (3603 turns).

homeworkjunkie the Covert (Spriggan Assassin)       Turns: 3603, Time: 00:06:12

Health: -1/26      AC:  4    Str:  7    XL:     5   Next: 50%
Magic:  6/6        EV: 24    Int: 13    God:
Gold:   103        SH:  0    Dex: 23    Spells: 0 memorised, 4 levels left

rFire  . . .     SeeInvis +     a - +2 dagger
rCold  . . .     Clarity  .     c - +0 robe
rNeg   . . .     SustAt   .     (shield restricted)
rPois  .         Gourm    .     (helmet restricted)
rElec  .         Spirit   .     d - +1 cloak
rCorr  .         Warding  .     (gloves unavailable)
rMut   .         Stasis   .     (boots unavailable)
MR     .....                    (no amulet)
Stlth  ++++++....               (no ring)
                                (no ring)

@: agile, very slightly contaminated, very quick, not resistant to hostile
enchantments, very stealthy
A: unfitting armour, see invisible, herbivore 3, speed 3, slow metabolism 2
a: no special abilities


You were on level 4 of the Dungeon.
You were hungry.

You visited 1 branch of the dungeon, and saw 4 of its levels.

You collected 103 gold pieces.

Inventory:

Hand Weapons
 a - a +2 dagger (weapon)
 b - a +0 blowgun
Missiles
 f - 2 curare-tipped needles
Armour
 c - a +0 robe (worn)
 d - a +1 cloak (worn)
Scrolls
 i - 3 scrolls of teleportation
 m - a scroll of magic mapping
 n - 3 scrolls of remove curse
Potions
 k - a potion of haste
Comestibles
 g - 2 bread rations
 l - a slice of pizza


   Skills:
 * Level 2.1 Fighting
 * Level 3.1 Short Blades
 * Level 3.0 Throwing
 * Level 3.1 Dodging
 * Level 8.1 Stealth


You had 4 spell levels left.
You didn't know any spells.

Dungeon Overview and Level Annotations

Branches:
Dungeon (4/15)
 Temple: D:4-7

Altars:
Qazlal
Vehumet


Innate Abilities, Weirdness & Mutations

You are tiny and cannot use many weapons and most armour.
You have supernaturally acute eyesight.
You are a herbivore.
You cover ground extremely quickly.
You need consume almost no food.


Message History

You see here a poisoned needle.
The phantom blinks!
You see here a poisoned needle.
You see here a poisoned needle.
You barely miss the phantom.
The phantom is severely damaged.
The phantom hits you.
* * * LOW HITPOINT WARNING * * *
You hit the phantom.
The phantom is severely damaged.
The phantom hits you but does no damage.
You hit the phantom.
The phantom is severely damaged.
You hit the phantom.
The phantom is almost destroyed.
The phantom completely misses you.
You closely miss the phantom.
The phantom is almost destroyed.
The phantom hits you.
You die...

.#. ##.# #.. #.. #.#
#.# ..####.####
#.........###########
.[####.##.(..(...((.#
.## #.##(..........#
.# #.###.....W..>.#
## #.# #.....(@...#
#.# #.....(..(.# #.#
#........(.# #.#
#..?(...>(.#
#(<.......(#
#(...%..(..#
############


You could see a phantom.

Vanquished Creatures
  A gnoll shaman (D:3)
  A hound (D:3)
  6 adders (D:2)
  3 gnolls (D:3)
  A river rat (D:4)
  A worm (D:3)
  2 giant geckos (D:2)
  7 hobgoblins
  6 jackals
  2 kobolds (D:3)
  2 quokkas (D:3)
  A ball python (D:3)
  6 bats
  4 giant newts
  7 goblins
  7 rats
57 creatures vanquished.

Notes
Turn   | Place    | Note
--------------------------------------------------------------
     0 | D:1      | homeworkjunkie the Spriggan Assassin began the quest for the Orb.
     0 | D:1      | Reached XP level 1. HP: 10/10 MP: 2/2
    53 | D:1      | Reached skill level 6 in Stealth
   551 | D:2      | Reached XP level 2. HP: 14/14 MP: 3/3
   569 | D:2      | Reached XP level 3. HP: 4/18 MP: 4/4
   917 | D:2      | Reached skill level 7 in Stealth
  1180 | D:2      | Reached XP level 4. HP: 16/23 MP: 5/5
  1297 | D:4      | Noticed a phantom
  1789 | D:2      | Found a stormy altar of Qazlal.
  1789 | D:2      | Found a radiant altar of Vehumet.
  2056 | D:3      | Reached XP level 5. HP: 26/26 MP: 6/6
  2089 | D:3      | Reached skill level 8 in Stealth
  3603 | D:4      | Slain by a phantom

Action                   |  1- 3 |  4- 6 || total
-------------------------+-------+-------++-------
Melee: Dagger            |    73 |   139 ||   212
 Fire: Blowgun           |       |    52 ||    52
  Use: Scroll            |     4 |     6 ||    10
       Potion            |       |     4 ||     4
 Stab: Sleeping          |     8 |     9 ||    17
       Distracted        |       |     3 ||     3
